 Dungeon Crawl Stone Soup version 0.20.1-1-g8b1a95d (webtiles) character file.

201513 Gargoyl the Tortoise (level 18, -1/161 HPs)
             Began as a Minotaur Abyssal Knight on July 24, 2017.
             Was the Champion of Lugonu.
             Killed from afar by a shock serpent (20 damage)
             ... with a bolt of electricity
             ... on level 4 of the Snake Pit on July 25, 2017.
             The game lasted 01:39:02 (48105 turns).

Gargoyl the Tortoise (Minotaur Abyssal Knight)     Turns: 48105, Time: 01:39:02

Health: -1/161     AC: 24    Str: 25    XL:     18   Next: 30%
Magic:  24/28      EV: 11    Int: 13    God:    Lugonu [******]
Gold:   2121       SH: 23    Dex: 16    Spells: 17/17 levels left

rFire    + + .     SeeInvis .   C - +3 war axe (elec)
rCold    . . .     Gourm    .   e - +2 shield {reflect}
rNeg     + . .     Faith    .   i - +0 chain mail of Undesirable Species {rN+ MR+}
rPois    +         Spirit   .   O - +0 hat "Earthly Heaven" {*Contam Str+4 Int+4 Slay+2}
rElec    .         Reflect  +   H - +2 cloak {MR+}
rCorr    .         Harm     .   x - +0 pair of gloves
MR       +++..                  R - +2 pair of boots
Stlth    ..........             v - +5 amulet of reflection
Regen    0.4/turn               n - ring of protection from fire
MPRegen  0.3/turn               J - ring of poison resistance

@: lethally poisoned (-1 -> -1), constricted
A: retaliatory headbutt, horns 2, thin skeletal structure 1, fire resistance 1
a: Depart the Abyss, Bend Space, Banish, Corrupt, Enter the Abyss, Brand Weapon
With Distortion, Renounce Religion


You were on level 4 of the Snake Pit.
You worshipped Lugonu.
Lugonu was exalted by your worship.
You were near starving.

You visited 4 branches of the dungeon, and saw 27 of its levels.
You visited the Abyss 1 time.
You also visited: Sewer and Volcano.

You collected 2404 gold pieces.
You spent 283 gold pieces at shops.

Inventory:

Hand Weapons
 C - a +3 war axe of electrocution (weapon)
 D - a +1 war axe of flaming
 G - a +4 broad axe of freezing
 I - the +9 battleaxe of the Nexus {holy, rN+}
   (You took it off an orc sorcerer on level 2 of the Orcish Mines)

   It has been blessed by the Shining One to cause great damage to the undead
   and demons.
   It protects you from negative energy.
Missiles
 w - 53 tomahawks (quivered)
Armour
 e - a +2 shield of reflection (worn)
 i - the +0 chain mail of Undesirable Species (worn) {rN+ MR+}
   (You found it on level 10 of the Dungeon)

   It protects you from negative energy.
   It affects your resistance to hostile enchantments.
 x - a +0 pair of gloves (worn)
 H - a +2 cloak of magic resistance (worn)
 O - the +0 hat "Earthly Heaven" (worn) {*Contam Str+4 Int+4 Slay+2}
   (You acquired it on level 3 of the Snake Pit)

   It affects your strength (+4).
   It affects your intelligence (+4).
   It affects your accuracy and damage with ranged weapons and melee attacks
   (+2).
   It causes magical contamination when unequipped.
 R - a +2 pair of boots (worn)
Jewellery
 n - a ring of protection from fire (left hand)
 p - an uncursed ring of flight
 v - a +5 amulet of reflection (around neck)
 J - a ring of poison resistance (right hand)
 M - an uncursed ring of ice
Wands
 d - a wand of disintegration (11/24)
 o - a wand of lightning (4/15)
 s - a wand of random effects (17/48)
 t - a wand of random effects (35/48)
 y - a wand of paralysis (15/24)
 E - a wand of clouds (2/9)
 L - a wand of polymorph (15/24)
 V - a wand of disintegration (8/24)
 W - a wand of clouds (1/9)
 Z - a wand of flame (33/48)
Scrolls
 h - 13 scrolls of remove curse
 j - 13 scrolls of identify
 r - a scroll of fog
 A - 5 scrolls of recharging
 K - 5 scrolls of magic mapping
 N - 5 scrolls of teleportation
 P - a scroll of amnesia
 Q - 3 scrolls of silence
 T - a scroll of holy word
 X - 3 scrolls of fear
Potions
 a - 3 potions of ambrosia
 b - a potion of invisibility
 f - a potion of curing
 g - a potion of brilliance
 l - 4 potions of magic
 q - 7 potions of might
 F - 5 potions of agility
 U - 2 potions of haste
Books
 k - a book of Party Tricks

   Spells                             Type                      Level
   a - Summon Butterflies             Summoning                    1
   b - Apportation                    Translocation                1
   c - Lesser Beckoning               Translocation                3
   d - Tukima's Dance                 Hexes                        3
   e - Alistair's Intoxication        Transmutation/Poison         5
   f - Invisibility                   Hexes                        6
 B - a book of Cantrips

   Spells                             Type                      Level
   a - Confusing Touch                Hexes                        1
   b - Animate Skeleton               Necromancy                   1
   c - Summon Small Mammal            Summoning                    1
   d - Apportation                    Translocation                1
 S - a Young Poisoner's Handbook

   Spells                             Type                      Level
   a - Sting                          Conjuration/Poison           1
   b - Poisonous Vapours              Poison/Air                   2
   c - Mephitic Cloud                 Conjuration/Poison/Air       3
   d - Olgreb's Toxic Radiance        Poison                       4
   e - Venom Bolt                     Conjuration/Poison           5
Comestibles
 c - 2 bread rations
 m - 26 meat rations
 u - 22 royal jellies
 z - 20 fruits


   Skills:
 + Level 14.5 Fighting
 + Level 16.5 Axes
 + Level 2.4 Throwing
 * Level 18.1 Armour
 + Level 8.7 Dodging
 + Level 17.8 Shields
 * Level 15.1 Invocations
 + Level 1.8 Evocations


You had 17 spell levels left.
You didn't know any spells.

Dungeon Overview and Level Annotations

Branches:
Dungeon (15/15)            Temple (0/1) D:6            Lair (6/6) D:8
 Shoals (0/4) Lair:4        Snake (4/4) Lair:2        Slime (0/5) Lair:6
    Orc (2/2) D:12            Elf (0/3) Orc:2        Vaults (0/5) D:14
 Depths (0/5) D:15

Altars:
Cheibriados
Dithmenos
Fedhas
Hepliaklqana
Okawaru
Trog
The Shining One
Beogh

Shops:
Orc:1 *   Orc:2 %*[*

Portals:
Trove: D:13 (show abyssal rune of Zot)

Annotations:
D:15 3 runed doors
Lair:2 exclusion: oklob plant


Innate Abilities, Weirdness & Mutations

You reflexively headbutt those who attack you in melee.
You have a pair of horns on your head.
You have a somewhat thin skeletal structure. (Dex +2, Stealth)
Your flesh is heat resistant. (rF+)


Message History

The shock serpent shoots out a bolt of lightning at you!
The bolt of electricity hits you!
* * * LOW HITPOINT WARNING * * *
The bolt of electricity hits you!
* * * LOW HITPOINT WARNING * * *
The bolt of electricity hits the shock serpent.
The shock serpent completely resists.
The bolt of electricity hits the naga.
The naga dies!
Press: ? - help, Shift-Dir - straight line, f - shock serpent
Aim: a shock serpent (severely wounded, chance to defeat MR: 78%)
The shock serpent barely resists.
You are near starving!
The anaconda completely misses you. You furiously retaliate!
You headbutt the anaconda. The anaconda constricts you.
You block the anaconda's attack.
The shock serpent shoots out a bolt of lightning at you!
The bolt of electricity hits you!
* * * LOW HITPOINT WARNING * * *
The bolt of electricity hits you!
You die...

## # .N ... ..N .N.. ..N# #...# #
#..)# #...# # ## ###...# #...###
# .#######.# #...##.N.##.#### #
........# #..SS..###.##.## #
..##)...#### #.S@)##.......# #
###.#......#.##''##........## ##
####..#....(..............####.
##.#..#####...##......#.....#...
#.....##.##..........#....##.#..
...#....#......#......#...#####..
.. ##†.)....#..............#####.
. ##..)...#.............#..##..
##.......#.:.#..#.#<...#.###


You could see 3 naga sharpshooters, 2 anacondas, a shock serpent, a naga mage
and a naga.

Vanquished Creatures
  Vashnia (Snake:1)
  Kirke (Lair:5)
  Agnes (Snake:1)
  A sphinx (D:14)
  Donald (Snake:3)
  2 nagarajas (Snake:3)
  Aizul (Snake:3)
  3 orc warlords
  The ghost of toffzen the Brawler, an adept VSBe of Trog (Snake:2)
  Nessos (Lair:4)
  The ghost of Cral the Severer, a journeyman DsGl of Qazlal (Lair:5)
  Snorg (D:12)
  Fannar (Lair:2)
  2 hydras
  A rakshasa (D:14)
  15 naga warriors
  Harold (D:12)
  The ghost of ReignOfFire the Carver, a journeyman DsGl of Makhleb (D:11)
  3 catoblepae (Lair:6)
  12 anacondas
  3 centaur warriors
  25 two-headed ogres
  2 dancing weapons (D:14)
  Erica (D:8)
  10 death yaks
  2 death knights
  The ghost of ReignOfFire the Carver, a novice DsGl of Makhleb (D:10)
  11 naga sharpshooters
  A tengu warrior (D:13)
  3 ogre magi (D:15)
  5 shock serpents
  4 orc high priests (Orc:2)
  10 skeletal warriors
  A salamander mystic (Snake:3)
  An orange crystal statue (D:15)
  8 naga ritualists
  Pikel (D:7)
  A phantasmal warrior (D:15)
  2 lindwurms (Lair:6)
  3 oklob plants
  6 orc knights (Orc:2)
  3 wolf spider zombies
  2 necromancers
  11 mana vipers
  10 salamanders
  4 manticores
  7 ugly things
  3 cyclopes
  5 elephants
  7 orc sorcerers
  5 guardian serpents
  Maurice (D:8)
  39 black mambas
  A water nymph (shapeshifter) (D:14)
  2 gargoyles (Volcano)
  A torpor snail (Lair:6)
  21 naga magi
  11 spiny frogs
  A rime drake (Lair:3)
  A yaktaur skeleton (D:15)
  12 komodo dragons
  A redback zombie (D:14)
  2 freezing wraiths (D:14)
  A queen bee (shapeshifter) (D:14)
  3 meliai (D:14)
  6 trolls
  12 polar bears
  A queen bee (Lair:2)
  2 fire dragon zombies (D:15)
  A hornet (D:6)
  3 raiju
  5 slime creatures (D:13)
  17 blink frogs
  A harpy skeleton (D:15)
  15 dream sheep
  17 hippogriffs
  3 shadows
  Sigmund (D:2)
  A centaur simulacrum (D:14)
  6 wraiths
  5 hogs (Lair:5)
  13 wyverns
  2 vampires
  43 yaks
  3 fire bats (Lair:1)
  5 humans (D:7)
  An ice dragon skeleton (D:15)
  Grum (D:8)
  2 basilisks
  2 hungry ghosts
  5 vampire mosquitoes (D:14)
  9 wargs
  55 nagas
  13 hell hounds (Lair:6)
  2 acid dragons
  19 water moccasins
  6 porcupines
  4 ice beasts
  18 ogres
  2 slaves (D:8)
  49 orc warriors
  14 black bears
  A sky beast (D:6)
  The ghost of schorsch312 the Slasher, an amateur HOFi (D:3)
  A phantom (D:4)
  3 boggarts (D:15)
  3 necrophages
  19 wolves
  12 crocodiles
  10 centaurs
  5 big kobolds
  21 bullfrogs
  5 scorpions
  3 wights (D:13)
  29 killer bees
  6 howler monkeys
  3 bullfrog zombies
  10 crimson imps
  7 centaur zombies
  8 jellies
  32 orc priests
  8 centaur skeletons
  A gnoll shaman (Orc:2)
  9 hounds
  Natasha (thrice) (D:2 D:4)
  2 bullfrog skeletons (D:11)
  Terence (D:3)
  2 iguanas
  25 orc wizards
  Ijyb (D:4)
  20 worker ants
  A hell rat (Lair:3)
  4 polar bear simulacra (D:14)
  3 wolf simulacra (D:14)
  4 hound zombies
  A howler monkey zombie (D:9)
  3 gnolls (D:5)
  4 river rats
  8 adders
  7 shadow imps
  An ooze (D:2)
  A worm (D:3)
  2 dart slugs (D:1)
  13 leopard geckos
  120 orcs
  6 bats
  10 giant cockroaches
  7 goblins
  5 hobgoblins
  7 jackals
  12 kobolds
  5 quokkas
  6 ball pythons
  18 frilled lizards
  14 rats
  4 river rat simulacra (D:14)
  4 fungi
  3 plants
1194 creatures vanquished.

Vanquished Creatures (others)
  The ghost of letownia the Reanimator, a journeyman DDNe of Gozag (Volcano)
  3 hydras
  3 naga sharpshooters
  2 shock serpents
  2 unseen horrors
  3 oklob plants (Lair:6)
  A manticore (Lair:6)
  An elephant (Lair:6)
  A molten gargoyle (Volcano)
  A gargoyle (Volcano)
  2 komodo dragons
  A human (Lair:6)
  A basilisk (Lair:3)
  A naga (Snake:4)
  A boggart (D:15)
  A crocodile (Lair:6)
  A killer bee (Lair:2)
  An orc priest (Orc:2)
  7 fungi
  28 plants
62 creatures vanquished.

Grand Total: 1256 creatures vanquished

Notes
Turn   | Place    | Note
-------+----------+-------------------------------------------
     0 | Abyss:1  | Gargoyl the Minotaur Abyssal Knight began the quest for the Orb.
     0 | Abyss:1  | Reached XP level 1. HP: 19/19 MP: 1/1
   164 | Abyss:1  | Noticed a thrashing horror
   167 | Abyss:1  | Noticed a fire bat
   168 | D:1      | Escaped the Abyss
   209 | D:1      | Reached * piety under Lugonu
   291 | D:1      | Reached XP level 2. HP: 27/27 MP: 2/2
   896 | D:1      | Reached XP level 3. HP: 33/34 MP: 3/3
  1404 | D:2      | Reached skill level 3 in Armour
  1408 | D:2      | Found a hazy altar of Hepliaklqana.
  1427 | D:2      | Found a bloodstained altar of Trog.
  1429 | D:2      | Found a shadowy altar of Dithmenos.
  1473 | D:2      | Reached ** piety under Lugonu
  1554 | D:2      | Noticed Sigmund
  1584 | D:2      | Killed Sigmund
  1584 | D:2      | Reached skill level 5 in Fighting
  1584 | D:2      | Reached XP level 4. HP: 13/42 MP: 4/4
  1584 | D:2      | Reached XP level 5. HP: 15/48 MP: 5/5
  1606 | D:2      | Noticed Natasha
  1858 | D:2      | Killed Natasha
  2155 | D:3      | Reached XP level 6. HP: 56/56 MP: 6/6
  2161 | D:3      | Noticed schorsch312's ghost (amateur HOFi)
  2179 | D:3      | Killed schorsch312's ghost
  2179 | D:3      | Reached skill level 4 in Armour
  2493 | D:3      | Found a glowing drain.
  2503 | Sewer    | Entered a sewer
  2575 | Sewer    | Reached *** piety under Lugonu
  3227 | D:3      | Noticed Terence
  3234 | D:3      | Killed Terence
  3234 | D:3      | Reached XP level 7. HP: 61/61 MP: 8/8
  3452 | D:4      | Reached skill level 5 in Axes
  3722 | D:4      | Noticed Natasha
  3728 | D:4      | Killed Natasha
  3760 | D:4      | Noticed Natasha
  3770 | D:4      | Killed Natasha
  3933 | D:4      | Noticed Ijyb
  3941 | D:4      | Killed Ijyb
  3941 | D:4      | Reached **** piety under Lugonu
  4034 | D:4      | Reached skill level 5 in Armour
  4142 | D:4      | Reached skill level 1 in Shields
  4524 | D:5      | Entered Level 5 of the Dungeon
  4621 | D:5      | Reached XP level 8. HP: 70/70 MP: 9/9
  5029 | D:5      | Found a glowing golden altar of the Shining One.
  5397 | D:6      | Reached skill level 6 in Armour
  5399 | D:6      | Noticed a hornet
  5412 | D:6      | Paralysed by a hornet for 1 turns
  5417 | D:6      | Killed a hornet
  5657 | D:6      | Reached skill level 5 in Invocations
  5705 | D:6      | Gained mutation: Your mind is acute. (Int +2) [mutagenic meat]
  5706 | D:6      | Gained mutation: Your spells are a little easier to cast, but a little less powerful. [mutagenic meat]
  5707 | D:6      | Gained mutation: You are covered in fur. (AC +1) [mutagenic meat]
  5709 | D:6      | Gained mutation: Your movements are slightly less encumbered by armour. (ER -2) [mutagenic meat]
  5970 | D:6      | Found a staircase to the Ecumenical Temple.
  6205 | D:7      | Reached skill level 7 in Armour
  6205 | D:7      | Reached XP level 9. HP: 77/77 MP: 11/11
  6336 | D:7      | Reached skill level 1 in Throwing
  6336 | D:7      | Reached skill level 5 in Dodging
  6488 | D:7      | Reached skill level 8 in Armour
  7043 | D:8      | Noticed Pikel
  7065 | D:7      | Reached XP level 10. HP: 62/86 MP: 13/13
  7202 | D:7      | Killed Pikel
  7239 | D:8      | Noticed Grum
  7239 | D:8      | Noticed Maurice
  7246 | D:7      | Reached skill level 9 in Armour
  7317 | D:8      | Reached ***** piety under Lugonu
  7329 | D:8      | Killed Maurice
  7330 | D:8      | Killed Grum
  7400 | D:8      | Found a staircase to the Lair.
  7469 | D:8      | Reached skill level 10 in Axes
  7720 | D:8      | Noticed Erica
  7733 | D:8      | Killed Erica
  8099 | D:8      | Reached skill level 10 in Armour
  8274 | D:8      | Noticed a two-headed hydra
  8278 | D:8      | Banished a two-headed hydra
  8351 | Lair:1   | Entered Level 1 of the Lair of Beasts
  8369 | Lair:1   | Noticed a spiny frog
  8378 | Lair:1   | Killed a spiny frog
  8378 | Lair:1   | Reached skill level 5 in Shields
  8378 | Lair:1   | Reached XP level 11. HP: 85/94 MP: 15/15
  8509 | Lair:1   | Found a dark tunnel.
  8534 | Volcano  | Entered a volcano
  8612 | Volcano  | Noticed letownia's ghost (journeyman DDNe)
  8645 | Volcano  | Banished letownia's ghost
  9274 | Lair:1   | Reached skill level 11 in Armour
  9369 | Lair:1   | Reached skill level 1 in Evocations
  9776 | Lair:2   | Noticed an oklob plant
 10110 | Lair:2   | Noticed Fannar
 10144 | Lair:2   | Killed Fannar
 10308 | Lair:2   | Found a staircase to the Snake Pit.
 10823 | Lair:3   | Found a shadowy altar of Dithmenos.
 11020 | Lair:3   | Reached XP level 12. HP: 90/104 MP: 18/18
 11154 | Lair:3   | Reached skill level 12 in Armour
 13112 | Lair:4   | Noticed a five-headed hydra
 13115 | Lair:4   | Noticed Nessos
 13121 | Lair:4   | Banished an eight-headed hydra
 13121 | Lair:4   | Reached skill level 10 in Invocations
 13516 | Lair:3   | HP: 5/105 [poisoned by a spiny frog]
 13523 | Lair:3   | HP: 5/105 [poisoned by a spiny frog]
 13531 | Lair:3   | HP: 5/105 [poisoned by a spiny frog]
 14275 | Lair:4   | Killed Nessos
 14275 | Lair:4   | Reached skill level 13 in Armour
 14461 | Lair:4   | Lost mutation: Your mind is acute. (Int +2) [potion of mutation]
 14461 | Lair:4   | Lost mutation: Your movements are slightly less encumbered by armour. (ER -2) [potion of mutation]
 14461 | Lair:4   | Lost mutation: Your spells are a little easier to cast, but a little less powerful. [potion of mutation]
 14461 | Lair:4   | Lost mutation: You are covered in fur. (AC +1) [potion of mutation]
 14461 | Lair:4   | Gained mutation: You passively map a small area around you. [potion of mutation]
 14461 | Lair:4   | Gained mutation: Your spells are a little easier to cast, but a little less powerful. [potion of mutation]
 14461 | Lair:4   | Gained mutation: Your flesh is heat resistant. (rF+) [potion of mutation]
 14468 | Lair:4   | Lost mutation: Your spells are a little easier to cast, but a little less powerful. [potion of mutation]
 14468 | Lair:4   | Lost mutation: Your flesh is heat resistant. (rF+) [potion of mutation]
 14468 | Lair:4   | Lost mutation: You passively map a small area around you. [potion of mutation]
 14468 | Lair:4   | Gained mutation: Armour fits poorly on your strangely shaped body. [potion of mutation]
 14468 | Lair:4   | Gained mutation: You have a pair of large horns on your head. [potion of mutation]
 14567 | Lair:4   | Found a staircase to the Shoals.
 14665 | Lair:4   | Reached XP level 13. HP: 45/112 MP: 19/19
 16238 | Lair:5   | Noticed Cral's ghost (journeyman DsGl)
 16263 | Lair:5   | Killed Cral's ghost
 17159 | Lair:6   | Entered Level 6 of the Lair of Beasts
 17165 | Lair:6   | Reached skill level 10 in Fighting
 17374 | Lair:6   | Found a staircase to the Slime Pits.
 18442 | Lair:5   | Reached skill level 10 in Shields
 18673 | Lair:6   | Reached skill level 14 in Armour
 18868 | Lair:6   | Noticed Kirke
 19282 | Lair:5   | Killed Kirke
 19282 | Lair:5   | Reached XP level 14. HP: 32/122 MP: 21/21
 19286 | Lair:5   | HP: 4/122 [komodo dragon (21)]
 21063 | Lair:6   | Found a blossoming altar of Fedhas.
 21157 | Lair:6   | HP: 5/122 [catoblepas (22)]
 21532 | Lair:6   | HP: 1/124 [torpor snail (8)]
 22364 | Lair:6   | Reached skill level 15 in Armour
 23838 | D:10     | Entered Level 10 of the Dungeon
 24110 | D:10     | Found a snail-covered altar of Cheibriados.
 24202 | D:10     | Noticed ReignOfFire's ghost (novice DsGl)
 24225 | D:10     | Killed ReignOfFire's ghost
 24282 | D:10     | Got a steaming chain mail
 24293 | D:10     | Identified the +0 chain mail of Undesirable Species {rN+ MR+} (You found it on level 10 of the Dungeon)
 25051 | D:11     | Noticed ReignOfFire's ghost (journeyman DsGl)
 25127 | D:11     | Killed ReignOfFire's ghost
 25658 | D:11     | Lost mutation: You have a pair of large horns on your head. [potion of mutation]
 25658 | D:11     | Lost mutation: Armour fits poorly on your strangely shaped body. [potion of mutation]
 25658 | D:11     | Gained mutation: Your flesh is heat resistant. (rF+) [potion of mutation]
 25658 | D:11     | Gained mutation: You have a somewhat thin skeletal structure. (Dex +2, Stealth) [potion of mutation]
 25658 | D:11     | Gained mutation: You are clumsy. (Dex -2) [potion of mutation]
 25658 | D:11     | Lost mutation: You are clumsy. (Dex -2) [potion of mutation]
 25925 | D:11     | Reached XP level 15. HP: 127/130 MP: 23/23
 26420 | D:12     | Found a staircase to the Orcish Mines.
 26908 | D:12     | Noticed Harold
 26954 | D:12     | Killed Harold
 27286 | D:13     | Found a portal to a secret trove of treasure.
 28625 | D:14     | Noticed a sphinx
 28639 | D:14     | Killed a sphinx
 28639 | D:14     | Reached ****** piety under Lugonu
 29015 | D:14     | Found a gate to the Vaults.
 29251 | D:14     | Reached skill level 16 in Armour
 29781 | D:14     | HP: 3/133 [freezing wraith[a death knight] (20)]
 30569 | D:15     | Entered Level 15 of the Dungeon
 30604 | D:15     | Found a staircase to the Depths.
 31203 | D:15     | Reached skill level 15 in Axes
 31203 | D:15     | Reached XP level 16. HP: 137/141 MP: 25/25
 31213 | D:15     | Found a runed door.
 31524 | D:15     | Found a runed door.
 31539 | D:15     | Found a runed door.
 31569 | D:15     | Found a runed door.
 32635 | Orc:1    | Entered Level 1 of the Orcish Mines
 32657 | Orc:1    | Found an iron altar of Okawaru.
 32668 | Orc:1    | Noticed Snorg
 32741 | D:12     | Killed Snorg
 33065 | Orc:1    | Found Monnool's General Store.
 33176 | Orc:2    | Entered Level 2 of the Orcish Mines
 33674 | Orc:2    | Found Fyicraf's Food Emporium.
 33820 | Orc:2    | Found a roughly hewn altar of Beogh.
 34001 | Orc:2    | Found Neorop's Assorted Antiques.
 34015 | Orc:2    | Reached skill level 15 in Shields
 34345 | Orc:2    | Bought a scroll of teleportation for 81 gold pieces
 35201 | Orc:2    | Got a warped battleaxe {holy}
 35318 | Orc:2    | Found a staircase to the Elven Halls.
 35867 | Orc:2    | Found a roughly hewn altar of Beogh.
 36234 | Orc:2    | Found Nuohy's General Store.
 36334 | Orc:2    | Found Ykocwibu's Antique Armour Shop.
 36352 | Orc:2    | Reached skill level 17 in Armour
 36498 | Orc:2    | Bought a pair of embroidered boots for 202 gold pieces
 37119 | Snake:1  | Entered Level 1 of the Snake Pit
 38798 | Snake:2  | Noticed Agnes
 38811 | Snake:1  | Killed Agnes
 38811 | Snake:1  | Reached XP level 17. HP: 123/150 MP: 26/26
 39806 | Snake:2  | Noticed toffzen's ghost (adept VSBe)
 39809 | Snake:2  | Noticed Vashnia
 40159 | Snake:1  | Identified the +9 battleaxe of the Nexus {holy, rN+} (You took it off an orc sorcerer on level 2 of the Orcish Mines)
 41152 | Snake:1  | Killed Vashnia
 44140 | Snake:2  | Killed toffzen's ghost
 45286 | Snake:3  | Identified a scroll of acquirement
 45287 | Snake:3  | Got a slimy hat
 45298 | Snake:3  | Identified the +0 hat "Earthly Heaven" {*Contam Str+4 Int+4 Slay+2} (You acquired it on level 3 of the Snake Pit)
 46160 | Snake:3  | Reached XP level 18. HP: 110/161 MP: 28/28
 46583 | Snake:3  | Noticed Aizul
 46596 | Snake:3  | Killed Aizul
 46596 | Snake:3  | Reached skill level 18 in Armour
 46908 | Snake:3  | Noticed Donald
 46916 | Snake:3  | Reached skill level 15 in Invocations
 46935 | Snake:3  | Killed Donald
 47350 | Snake:4  | Entered Level 4 of the Snake Pit
 48105 | Snake:4  | Killed from afar by a shock serpent

Skill      XL: |  1  2  3  4  5  6  7  8  9 10 11 12 13 14 15 16 17 18 |
---------------+-------------------------------------------------------+-----
Fighting       | 4 5 6 7 8 9 10 11 12 13 14 | 14.5
Axes           | 3 4 6 8 9 10 11 12 13 14 15 16 | 16.5
Invocations    | 2 3 5 6 7 9 10 11 12 13 14 15 | 15.1
Armour         | 3 4 5 7 8 10 11 13 14 15 16 17 18 | 18.1
Dodging        | 2 3 4 5 6 7 8 |  8.7
Shields        | 1 2 3 5 6 8 10 12 14 15 17 | 17.8
Throwing       | 1 2 |  2.4
Evocations     | 1 |  1.8

Action                   |  1- 3 |  4- 6 |  7- 9 | 10-12 | 13-15 | 16-18 || total
-------------------------+-------+-------+-------+-------+-------+-------++-------
Melee: Hand axe          |   103 |   120 |   329 |   627 |  1580 |   699 ||  3458
       Headbutt          |    10 |    19 |    69 |   144 |   381 |   433 ||  1056
       Unarmed           |       |       |     9 |       |       |       ||     9
       War axe           |       |       |       |       |       |  1068 ||  1068
Throw: Tomahawk          |       |       |     9 |     2 |     3 |     5 ||    19
Invok: Depart the Abyss  |     1 |       |       |       |       |       ||     1
       Banish            |       |       |       |    12 |    14 |     6 ||    32
       Bend Space        |       |       |       |       |       |     2 ||     2
 Abil: Evoke Flight      |       |       |       |       |       |     3 ||     3
Evoke: Wand              |       |       |     4 |     3 |    11 |       ||    18
  Use: Scroll            |     7 |       |    14 |     3 |    17 |     6 ||    47
       Potion            |     4 |     2 |     1 |    13 |     8 |     6 ||    34
 Stab: Petrified         |       |       |       |       |     1 |       ||     1
  Eat: Chunk             |     2 |     5 |    10 |    24 |    39 |    26 ||   106
       Bread ration      |       |       |     1 |     1 |     4 |     1 ||     7
       Meat ration       |       |       |     1 |       |       |       ||     1
       Fruit             |       |       |       |       |     3 |    29 ||    32
Armor: Leather armour    |    49 |    39 |       |       |       |       ||    88
       Skin              |     9 |       |     1 |       |       |       ||    10
       Ring mail         |       |     1 |       |       |       |       ||     1
       Scale mail        |       |       |   103 |       |       |       ||   103
       Chain mail        |       |       |    64 |   329 |   569 |   383 ||  1345
Dodge: Dodged            |    51 |    88 |   153 |   231 |   358 |   363 ||  1244
Block: Buckler           |     6 |    16 |    87 |    79 |       |       ||   188
       Large shield      |       |       |       |   363 |  1427 |   865 ||  2655
       Shield            |       |       |       |       |       |   808 ||   808
       Reflection        |       |       |       |       |       |   135 ||   135
